 Dungeon Crawl Stone Soup version 0.28.0-53-g5a82cb258f (webtiles) character file.

Game seed: 8045879046882648076

135 jiml777 the Gusty (level 5, 0/37 HPs)
             Began as a Gnoll Air Elementalist on July 25, 2022.
             Slain by an orc priest
             ... wielding a +0 flail
              (5 damage)
             ... on level 3 of the Dungeon.
             The game lasted 00:14:25 (2316 turns).

jiml777 the Gusty (Gnoll Air Elementalist)          Turns: 2316, Time: 00:14:25

Health: 0/37       AC:  4    Str:  7    XL:     5   Next: 18%
Magic:  7/12       EV: 13    Int: 17    God:
Gold:   70         SH:  0    Dex: 12    Spells: 13/14 levels left

rFire   . . .      SeeInvis .   g - +0 dagger
rCold   . . .      Faith    .   (no shield)
rNeg    . . .      Spirit   .   a - +0 robe
rPois   .          Reflect  .   (no helmet)
rElec   .          Harm     .   m - scarf {repulsion}
rCorr   .          Rampage  .   (no gloves)
Will    .....                   n - +1 pair of boots
Stlth   +.........              (no amulet)
HPRegen 0.12/turn               (no ring)
MPRegen 0.13/turn               (no ring)

@: confused, brilliant, repel missiles
A: fangs 1, strong nose, distributed training
a: no special abilities


You were on level 3 of the Dungeon.
You visited 1 branch of the dungeon, and saw 3 of its levels.

You collected 70 gold pieces.

Inventory:

Hand Weapons
 g - a +0 dagger (weapon)
 o - a +0 hunting sling
Missiles
 b - 42 stones
Armour
 a - a +0 robe (worn)
 d - a +0 leather armour
 h - a +0 pair of gloves
 m - a scarf of repulsion (worn)
 n - a +1 pair of boots (worn)
Scrolls
 c - a scroll of teleportation {unknown}
 e - 2 scrolls of fog {unknown}
 f - a scroll of identify
 i - a scroll of fear {unknown}
 j - a scroll of acquirement {unknown}
 l - 2 scrolls of blinking {unknown}


   Skills:
 + Level 1.4 Fighting
 + Level 1.4 Short Blades
 + Level 1.4 Long Blades
 + Level 1.4 Axes
 + Level 1.4 Maces & Flails
 + Level 1.4 Polearms
 + Level 1.4 Staves
 + Level 1.4 Slings
 + Level 1.4 Bows
 + Level 1.4 Crossbows
 + Level 1.4 Throwing
 + Level 1.4 Armour
 + Level 4.7 Dodging
 + Level 4.3 Stealth
 + Level 1.4 Shields
 + Level 1.4 Unarmed Combat
 + Level 5.1 Spellcasting
 + Level 2.3 Conjurations
 + Level 1.1 Hexes
 + Level 1.1 Summonings
 + Level 1.1 Necromancy
 + Level 1.1 Translocations
 + Level 1.1 Transmutations
 + Level 1.1 Fire Magic
 + Level 1.1 Ice Magic
 + Level 5.5 Air Magic
 + Level 1.1 Earth Magic
 + Level 1.1 Poison Magic
 + Level 1.5 Invocations
 + Level 1.4 Evocations


You had 13 spell levels left.
You knew the following spells:

 Your Spells              Type           Power      Damage    Failure   Level
a - Shock                 Conj/Air       100%       1d9       2%          1

Your spell library contained the following spells:

 Spells                   Type           Power      Damage    Failure   Level
 Static Discharge         Conj/Air       26%        N/A       4%          2
 Swiftness                Air            34%        N/A       4%          3
 Apportation              Tloc           24%        N/A       9%          1
 Airstrike                Air            17%        N/A       14%         4
 Ozocubu's Armour         Ice            12%        N/A       26%         3
 Alistair's Intoxication  Tmut/Pois      8%         N/A       94%         5
 Metabolic Englaciation   Hex/Ice        6%         N/A       94%         5
 Simulacrum               Ice/Necr       6%         N/A       100%        6


Dungeon Overview and Level Annotations

Branches:
Dungeon (3/15)

Altars:
Uskayaw


Innate Abilities, Weirdness & Mutations

You have very sharp teeth.
Your uncanny sense of smell can sniff out nearby items.
Your experience applies equally to all skills.


Message History

The orc wizard is almost dead.
The orc wizard barely misses you.
You're too confused to move!
The orc wizard points at you and mumbles some strange words.
You are more confused.
The orc hits you with a +0 hand axe.
You're too confused to move!
The orc wizard points at you and mumbles some strange words.
You are more confused.
The orc hits you with a +0 hand axe.
The orc priest calls upon Beogh to heal the orc wizard.
The orc wizard is healed somewhat.
The orc closely misses you.
You're too confused to move!
The orc wizard points at you and mumbles some strange words.
The magic dart hits you. The orc hits you with a +0 club.
The orc hits you with a +0 hand axe. The orc hits you with a +0 club.
You bump into the rock wall.
The orc closely misses you. The orc barely misses you.
You bump into the rock wall.
The orc wizard completely misses you.
The orc priest calls upon Beogh to heal the orc wizard.
The orc wizard is healed somewhat.
The orc hits you with a +0 hand axe!
* * * LOW HITPOINT WARNING * * *
You are too confused!
Okay, then.
You feel clever all of a sudden. The orc wizard barely misses you.
The orc throws a boomerang.
The boomerang barely misses you.
The orc priest hits you with a +0 flail.
* * * LOW HITPOINT WARNING * * *
The orc barely misses you. x2
The orc wizard misses you.
The orc priest calls down the wrath of Beogh upon you.
You barely resist. The orc barely misses you. x2
The orc wizard hits you with a +4 dagger.
* * * LOW HITPOINT WARNING * * *
The orc completely misses you.
The orc priest hits you with a +0 flail.
You die...

#.. #....###.. .# #...
#......#.#######.#
#....####..).#.#.##......#
#........!...#.#.##......#
#<...........#.#.##.....#####
###.#........#.#.##..........
# #.........<..)....o......
########oo...###.........
#@o†..# #...o..... #oo...#
#......... ####### ######....
#.... ∆ #.... #.... #....
#o... #.o####....


You could see an orc priest, an orc wizard and 3 orcs.

Vanquished Creatures
  Jessica (D:2)
  4 adders
  A worm (D:2)
  2 dart slugs (D:1)
  2 orcs (D:3)
  6 bats
  6 endoplasms
  3 giant cockroaches (D:1)
  4 goblins
  5 hobgoblins
  4 jackals (D:2)
  4 quokkas
  7 ball pythons
  3 frilled lizards (D:1)
  3 kobolds (D:2)
  7 rats
62 creatures vanquished.

Notes
Turn   | Place    | Note
-------+----------+-------------------------------------------
     0 | D:1      | jiml777 the Gnoll Air Elementalist began the quest for the
                  | Orb.
     0 | D:1      | Reached XP level 1. HP: 13/13 MP: 6/6
    62 | D:1      | Found a faded altar of an unknown god.
   136 | D:1      | Reached XP level 2. HP: 19/19 MP: 3/7
   621 | D:1      | Reached XP level 3. HP: 25/25 MP: 5/9
   675 | D:1      | Reached skill level 5 in Spellcasting
   889 | D:2      | Noticed Jessica
   894 | D:2      | Killed Jessica
   895 | D:2      | Reached skill level 1 in Fighting
   895 | D:2      | Reached skill level 1 in Short Blades
   895 | D:2      | Reached skill level 1 in Long Blades
   895 | D:2      | Reached skill level 1 in Axes
   895 | D:2      | Reached skill level 1 in Maces & Flails
   895 | D:2      | Reached skill level 1 in Polearms
   895 | D:2      | Reached skill level 1 in Staves
   895 | D:2      | Reached skill level 1 in Slings
   895 | D:2      | Reached skill level 1 in Bows
   895 | D:2      | Reached skill level 1 in Crossbows
   895 | D:2      | Reached skill level 1 in Throwing
   895 | D:2      | Reached skill level 1 in Armour
   895 | D:2      | Reached skill level 1 in Shields
   895 | D:2      | Reached skill level 1 in Unarmed Combat
   895 | D:2      | Reached skill level 1 in Invocations
   895 | D:2      | Reached skill level 1 in Evocations
   952 | D:2      | Reached XP level 4. HP: 26/32 MP: 11/11
  1362 | D:2      | Reached skill level 1 in Hexes
  1362 | D:2      | Reached skill level 1 in Summonings
  1362 | D:2      | Reached skill level 1 in Necromancy
  1362 | D:2      | Reached skill level 1 in Translocations
  1362 | D:2      | Reached skill level 1 in Transmutations
  1362 | D:2      | Reached skill level 1 in Fire Magic
  1362 | D:2      | Reached skill level 1 in Ice Magic
  1362 | D:2      | Reached skill level 1 in Earth Magic
  1362 | D:2      | Reached skill level 1 in Poison Magic
  1818 | D:2      | Reached XP level 5. HP: 37/37 MP: 12/12
  1848 | D:2      | Found a hide-covered altar of Uskayaw.
  2316 | D:3      | Slain by an orc priest

Illustrated notes

Levels and vault maps discovered:
D:1:      minmay_arrival_diagonal_passages, layout_rooms,
          ebering_ecumenical_altar_sacrificial, st_stairs_7
D:2:      layout_rooms, basic_altar, minmay_close_crescents, uniq_jessica
D:3:      layout_basic

Skill      XL: |  1  2  3  4 |
---------------+-------------+-----
Conjurations   | 2 |  2.3
Spellcasting   | 5 |  5.1
Fighting       | 1 |  1.4
Short Blades   | 1 |  1.4
Long Blades    | 1 |  1.4
Axes           | 1 |  1.4
Maces & Flails | 1 |  1.4
Polearms       | 1 |  1.4
Staves         | 1 |  1.4
Slings         | 1 |  1.4
Bows           | 1 |  1.4
Crossbows      | 1 |  1.4
Throwing       | 1 |  1.4
Armour         | 1 |  1.4
Shields        | 1 |  1.4
Unarmed Combat | 1 |  1.4
Invocations    | 1 |  1.5
Evocations     | 1 |  1.4
Hexes          | 1 |  1.1
Summonings     | 1 |  1.1
Necromancy     | 1 |  1.1
Translocations | 1 |  1.1
Transmutations | 1 |  1.1
Fire Magic     | 1 |  1.1
Ice Magic      | 1 |  1.1
Earth Magic    | 1 |  1.1
Poison Magic   | 1 |  1.1
Dodging        | |  4.7
Stealth        | |  4.3
Air Magic      | |  5.5

Action                   |  1- 3 |  4- 6 || total
-------------------------+-------+-------++-------
Melee: Dagger            |    20 |    65 ||    85
       Bite              |     1 |    10 ||    11
       Punch             |       |     1 ||     1
 Cast: Shock             |    40 |    39 ||    79
  Use: Scroll            |       |     2 ||     2
       Potion            |       |     1 ||     1
 Stab: Sleeping          |       |     2 ||     2
Armor: Robe              |     6 |    12 ||    18
Dodge: Dodged            |    28 |    65 ||    93
